 Dungeon Crawl Stone Soup version 0.27.0-1-g7a089689b8 (webtiles) character file.

Game seed: 18386136019994332508

3689 SomeFlowers the Grappler (level 9, -2/75 HPs)
             Began as a Mummy Chaos Knight on July 31, 2021.
             Was a Plaything of Xom.
             Engulfed by a fire crab's flame (7 damage)
             ... on level 7 of the Dungeon.
             The game lasted 00:13:18 (5998 turns).

SomeFlowers the Grappler (Mummy Chaos Knight)       Turns: 5998, Time: 00:13:18

Health: -2/75      AC: 26    Str: 19    XL:     9   Next: 90%
Magic:  9/9        EV:  8    Int: 11    God:    Xom [..*...]
Gold:   326        SH:  0    Dex: 17    Spells: 8/8 levels left

rFire    + . .     SeeInvis .     - Unarmed
rCold    . . .     Faith    .   (no shield)
rNeg     + + +     Spirit   .   p - +10 plate armour of a treasure trove {Str+2 Dex+4}
rPois    ∞         Reflect  .   q - +0 helmet
rElec    .         Harm     .   h - +0 cloak
rCorr    .         Rampage  .   (no gloves)
Will     +....                  (no boots)
Stlth    ..........             j - amulet of the acrobat
HPRegen  0.22/turn              B - ring of fire
MPRegen  0.11/turn              k - ring of protection from fire

@: no status effects
A: cold resistance 1, negative energy resistance 3, torment resistance 2, heat
vulnerability 1, no potions
a: Renounce Religion


You were on level 7 of the Dungeon.
You worshipped Xom.
You were a toy of Xom.
You visited 1 branch of the dungeon, and saw 7 of its levels.

You collected 326 gold pieces.

Inventory:

Hand Weapons
 w - a +5 short sword
 y - a +3 whip
Missiles
 c - 191 stones (quivered)
 m - 3 throwing nets
 t - 34 poisoned darts
Armour
 a - a +2 leather armour
 h - a +0 cloak (worn)
 o - a +1 robe of resistance
 p - the +10 plate armour of a treasure trove (worn) {Str+2 Dex+4}
   (You found it on level 4 of the Dungeon)

   Str:       It affects your strength (+2).
   Dex:       It affects your dexterity (+4).
 q - a +0 helmet (worn)
 x - a +0 tower shield
Jewellery
 i - a ring of protection from cold
 j - an amulet of the acrobat (around neck)
 k - a ring of protection from fire (right hand)
 u - a ring of willpower
 A - a ring of ice
 B - a ring of fire (left hand)
Wands
 l - a wand of digging (4)
 n - a wand of polymorph (11)
Scrolls
 b - 2 scrolls of noise {unknown}
 d - a scroll of amnesia {unknown}
 e - 7 scrolls of identify {unknown}
 f - a scroll of holy word {unknown}
 g - a scroll of enchant weapon {unknown}
 r - a scroll of blinking {unknown}
 s - a scroll of enchant armour {unknown}
 v - a scroll of torment {unknown}
 z - 4 scrolls of vulnerability {unknown}


   Skills:
 - Level 8.3 Fighting
 * Level 7.3 Armour
 - Level 4.9 Dodging
 - Level 8.5 Unarmed Combat


You had 8 spell levels left.
You didn't know any spells.
Your spell library contained the following spells:

 Spells                   Type           Power      Damage    Failure   Level
 Animate Skeleton         Necr           0%         N/A       100%        1
 Apportation              Tloc           0%         N/A       100%        1
 Corona                   Hex            0%         N/A       100%        1
 Sandblast                Erth           0%         2d4       100%        1
 Sting                    Tmut/Pois      0%         1d3       100%        1
 Summon Small Mammal      Summ           0%         N/A       100%        1
 Blink                    Tloc           N/A        N/A       100%        2
 Passwall                 Tmut/Erth      0%         N/A       100%        2
 Poisonous Vapours        Pois/Air       0%         N/A       100%        2
 Slow                     Hex            0%         N/A       100%        2
 Confusing Touch          Hex            0%         N/A       100%        3
 Lesser Beckoning         Tloc           0%         N/A       100%        3
 Summon Guardian Golem    Hex/Summ       0%         N/A       100%        3
 Vampiric Draining        Necr           0%         2d6       100%        3
 Fulminant Prism          Conj/Hex       0%         3d6       100%        4
 Iskenderun's Mystic Bla  Conj/Tloc      0%         2d3       100%        4
 Olgreb's Toxic Radiance  Pois           0%         N/A       100%        4
 Lee's Rapid Deconstruct  Erth           0%         3d5*      100%        5
 Manifold Assault         Tloc           0%         N/A       100%        5
 Orb of Destruction       Conj           0%         N/A       100%        7
 Spellforged Servitor     Conj/Summ      0%         N/A       100%        7


Dungeon Overview and Level Annotations

Branches:
Dungeon (8/15)             Temple (0/1) D:5
   Lair: D:8-11

Altars:
Ashenzari
Fedhas
Gozag
Sif Muna
Xom
Yredelemnul

Shops:
D:1 [


Innate Abilities, Weirdness & Mutations

You are immune to poison.
Your flesh is cold resistant. (rC+)
You are immune to negative energy. (rN+++)
You are immune to unholy pain and torment.
You are vulnerable to heat. (rF-)
You do not drink.


Message History

You punch the fire crab!
The fire crab is moderately wounded.
You are engulfed in blazing flames.
You resist.
You hit the fire crab but do no damage.
The fire crab is moderately wounded.
You are engulfed in blazing flames.
You resist. The fire crab breathes flames at you.
The blast of flame engulfs you. You resist.
You hit the fire crab.
The fire crab is moderately wounded.
You are engulfed in blazing flames.
You resist. The fire crab breathes flames at you.
The blast of flame engulfs you. You resist.
You hit the fire crab.
The fire crab is heavily wounded.
The fire crab bites you but does no damage.
The fire crab claws you but does no damage.
You punch the fire crab!
The fire crab is severely wounded.
The fire crab bites you but does no damage.
The fire crab claws you.
You are engulfed in flames.
You resist.
* * * LOW HITPOINT WARNING * * *
You hit the fire crab.
The fire crab is severely wounded.
The fire crab bites you but does no damage.
The fire crab claws you!
* * * LOW HITPOINT WARNING * * *
You are engulfed in flames!
You resist.
* * * LOW HITPOINT WARNING * * *
You punch the fire crab!
The fire crab is almost dead.
You hit the fire crab but do no damage.
The fire crab is almost dead.
The fire crab breathes flames at you.
The blast of flame engulfs you but does no damage.
Your plate armour of a treasure trove prevents you from hitting the fire crab.
The fire crab is almost dead.
You are engulfed in blazing flames.
You resist.
You die...
Xom cackles wildly!

........>.[.........# ##....####.
..........>.........# #..#.......
.....#..............###..#.......
..#..#................†.#.......#
.##..................#....)......
....)..##...........#####........
....#.......#..#○#### #..........
....####.....#.#○##.####Y##......
....# ##......#@○..#.#..###...##
.#### ##.....#○t##......####..##
...# ##......#○.#...#...##......
..## #..........##.###..........
.## #..#.....#.##.##...........
.# ##.##....####.....#........ ##
##......#.###....##.......
#..........##.............
#..............#..........


You could see a fire crab.

Vanquished Creatures
  A harpy (D:8)
  A hornet (D:6)
  Sigmund (D:4)
  4 yaks
  Eustachio (D:4)
  An ice beast (D:6)
  2 orc warriors
  A black bear (D:7)
  A necrophage (D:6)
  An ogre (D:6)
  2 phantoms
  A bullfrog (D:8)
  A wyvern zombie (D:6)
  3 howler monkeys
  2 centaur zombies
  An orc priest (D:5)
  A bullfrog skeleton (D:6)
  A centaur skeleton (D:4)
  2 hounds
  A gnoll shaman (D:4)
  2 jellies
  2 iguanas
  3 orc wizards
  A scorpion zombie (D:5)
  A killer bee zombie (D:7)
  A hound skeleton (D:4)
  4 gnolls
  8 adders
  A worm (D:2)
  3 dart slugs
  21 orcs
  3 bats
  3 endoplasms
  2 giant cockroaches
  4 goblins
  5 hobgoblins
  12 jackals
  3 kobolds
  2 quokkas (D:2)
  6 ball pythons
  2 frilled lizards
  5 rats
123 creatures vanquished.

Vanquished Creatures (collateral kills)
  A two-headed ogre (D:5)
  An ice beast (D:5)
  2 scorpions
  2 gnolls (D:5)
6 creatures vanquished.

Vanquished Creatures (others)
  An endoplasm (D:2)
1 creature vanquished.

Grand Total: 130 creatures vanquished

Notes
Turn   | Place    | Note
-------+----------+-------------------------------------------
     0 | D:1      | SomeFlowers the Mummy Chaos Knight began the quest for the
                  | Orb.
     0 | D:1      | Reached XP level 1. HP: 18/18 MP: 1/1
     6 | D:1      | Noticed a black bear
     6 | D:1      | Noticed a hog
     6 | D:1      | Noticed a water moccasin
     7 | D:1      | Noticed a wyvern
    60 | D:1      | XOM: silly message
    97 | D:1      | XOM: silly message
   108 | D:1      | Reached XP level 2. HP: 21/24 MP: 2/2
   165 | D:1      | XOM: cast spell 'Leda's Liquefaction'
   227 | D:1      | Found a faded altar of an unknown god.
   254 | D:1      | XOM: 1-stop teleportation journey
   284 | D:1      | XOM: confuse monster(s)
   430 | D:1      | XOM: noise
   476 | D:1      | Found Ecwupt's Antique Armour Shop.
   645 | D:1      | XOM: noise
   771 | D:1      | Reached XP level 3. HP: 30/30 MP: 3/3
  1137 | D:2      | XOM: smoke on damage
  1479 | D:2      | Reached skill level 5 in Fighting
  1479 | D:2      | Reached XP level 4. HP: 35/39 MP: 4/4
  1526 | D:2      | XOM: potion effect (curing)
  1639 | D:2      | XOM: scenery: summon butterflies
  1697 | D:2      | XOM: silly message
  1855 | D:2      | You fall into a shaft and drop 2 floors!
  1864 | D:4      | XOM: noise
  1874 | D:4      | Reached XP level 5. HP: 25/44 MP: 5/5
  1882 | D:4      | Noticed Eustachio
  1884 | D:4      | XOM: cast spell 'Shadow Creatures'
  1885 | D:4      | XOM: noise
  1892 | D:4      | XOM: potion effect (experience)
  1892 | D:4      | Reached XP level 6. HP: 35/56 MP: 6/6
  1908 | D:4      | XOM: 3-stop teleportation journey
  1915 | D:4      | XOM: potion effect (haste)
  1944 | D:4      | XOM: enchant monster (good)
  1946 | D:4      | Killed Eustachio
  2104 | D:4      | XOM: 8-stop teleportation journey
  2155 | D:4      | XOM: summons friendly iron imp
  2268 | D:4      | Reached XP level 7. HP: 36/62 MP: 7/7
  2339 | D:4      | XOM: polymorph iron imp -> neqoxec
  2470 | D:4      | XOM: silly message
  2501 | D:4      | XOM: silly message
  2727 | D:4      | Noticed Sigmund
  2742 | D:4      | Killed Sigmund
  2745 | D:4      | Found a blossoming altar of Fedhas.
  2905 | D:4      | Identified the +10 plate armour of a treasure trove {Str+2
                  | Dex+4}
  3079 | D:5      | Entered Level 5 of the Dungeon
  3083 | D:5      | Found a staircase to the Ecumenical Temple.
  3116 | D:5      | Found a broken altar of Ashenzari.
  3129 | D:5      | XOM: 5-stop teleportation journey
  3196 | D:5      | XOM: summons 5 friendly demons
  3232 | D:5      | Reached XP level 8. HP: 62/69 MP: 8/8
  3240 | D:5      | XOM is BORED!
  3240 | D:5      | XOM: noise
  3441 | D:5      | Noticed a two-headed ogre
  3475 | D:5      | XOM: enchant monster (good)
  3480 | D:5      | Killed a two-headed ogre
  3685 | D:5      | Found a shimmering blue altar of Sif Muna.
  4509 | D:6      | XOM: cloud trail
  4631 | D:6      | Reached skill level 5 in Armour
  4631 | D:6      | Reached XP level 9. HP: 70/75 MP: 9/9
  4881 | D:6      | XOM: silly message
  4932 | D:6      | XOM: summons 4 hostile demons
  5168 | D:7      | Found a basalt altar of Yredelemnul.
  5191 | D:7      | Found an opulent altar of Gozag.
  5227 | D:7      | XOM: stat loss: -1 Int (10/11)
  5467 | D:8      | Found a shimmering altar of Xom.
  5491 | D:8      | XOM: confusion (+ monsters)
  5682 | D:8      | XOM: noise
  5692 | D:8      | XOM: cleaving
  5705 | D:8      | XOM: 1-stop teleportation journey
  5709 | D:8      | Noticed a harpy
  5709 | D:8      | a yak changed into a harpy
  5709 | D:8      | XOM: polymorph yak -> harpy
  5725 | D:8      | XOM: cast spell 'Leda's Liquefaction'
  5727 | D:8      | Killed a harpy
  5729 | D:8      | XOM: fake destruction
  5742 | D:8      | XOM: scenery: create altars
  5751 | D:7      | XOM: confusion
  5754 | D:7      | XOM: confuse monster(s)
  5773 | D:7      | XOM: divination: detect creatures
  5778 | D:7      | XOM: confuse monster(s)
  5925 | D:7      | XOM: silly message
  5941 | D:7      | XOM: noise
  5975 | D:7      | XOM: confusion (+ monsters)
  5983 | D:7      | Noticed a fire crab
  5983 | D:7      | a yak changed into a fire crab
  5983 | D:7      | XOM: polymorph yak -> fire crab
  5998 | D:7      | Engulfed by a fire crab's flame

Illustrated notes

Levels and vault maps discovered:
D:1:      onia_arrival_zoo_common, layout_basic, shapermc_ecumenical_altar_venn,
          serial_shops, shop
D:2:      layout_loops_ring, minmay_circle_x
D:4:      layout_cave_pods, marbit_many_paths, serial_glass, glass_columns_c,
          glass_columns_a, uniq_sigmund, uniq_eustachio
D:5:      layout_cave_pools, ashenzari_conservatory_becter,
          mainiacjoe_overflow_concentric_impassable, minmay_temple_entry_ruins
D:6:      layout_basic
D:7:      layout_cave_pools, yredelemnul_altar_generic,
          nicolae_gozag_cash_rules_everything_around_me
D:8:      layout_layer_cave, xom_teletrap_fun, nzn_wu_jian_contemplation,
          special_room [special_room_orc], uniq_harold

Skill      XL: |  1  2  3  4  5  6  7  8  9 |
---------------+----------------------------+-----
Fighting       | 4 5 8 |  8.3
Unarmed Combat | 3 7 8 |  8.5
Dodging        | 4 |  4.9
Armour         | 3 5 7 |  7.3

Action                   |  1- 3 |  4- 6 |  7- 9 || total
-------------------------+-------+-------+-------++-------
Melee: Unarmed           |   163 |   156 |   340 ||   659
       Punch             |     1 |     8 |    15 ||    24
Throw: Stone             |     1 |       |     1 ||     2
 Stab: Confused          |       |       |     1 ||     1
Armor: Leather armour    |    45 |    41 |     7 ||    93
       Plate armour      |       |       |   187 ||   187
Dodge: Dodged            |   104 |    88 |   160 ||   352
